 Dungeon Crawl Stone Soup version 0.17-a0-1011-gfa70bdd (webtiles) character file.

386652 oplop the Stormcaller (level 22, -9/189 HPs)
             Began as a Pale Draconian Ice Elementalist on May 12, 2015.
             Was the Champion of Cheibriados.
             Mangled by a titan (43 damage)
             ... on level 5 of the Vaults on May 13, 2015.
             The game lasted 04:38:51 (53488 turns).

oplop the Stormcaller (DrIE)                       Turns: 53488, Time: 04:38:51

Health: -9/189     AC: 18    Str: 35      XL:     22   Next: 1%
Magic:  17/40      EV: 26    Int: 50 (51) God:    Cheibriados [******]
Gold:   3923       SH:  0    Dex: 30      Spells: 11 memorised, 2 levels left

rFire  + + .     SeeInvis .     f - +7 halberd "Rak Qabb" {freeze, MR+}
rCold  + + .     Clarity  +     (armour unavailable)
rNeg   + . .     SustAb   .     (no shield)
rPois  +         Gourm    .     u - +2 hat of the Meadowlark {rC+ Dex+3}
rElec  .         Spirit   .     U - +1 cloak {rPois}
rCorr  .         Warding  .     C - +0 pair of gloves "Isynerefil" {rPois rF+ Regen+}
rMut   .         Stasis   .     G - +1 pair of boots {Fly}
MR     +++..                    H - amulet of clarity
Stlth  +++.......               m - ring "Esaet" {*Confuse rN+ Str+8 Int+4}
                                i - +4 ring of intelligence

@: about to teleport, deflect missiles, very slow, extremely resistant to
hostile enchantments, fairly stealthy
A: breathe steam, unfitting armour, berserk 1, blurry vision 1, clever 2, cold
resistance 1, deterioration 1, fire resistance 1, magic resistance 1, mutation
resistance 1, regeneration 1, cold-blooded, AC +11
a: Breathe Steam, Bend Time, Temporal Distortion, Slouch, Step From Time,
Renounce Religion, Evoke Flight
}: 2/15 runes: serpentine, barnacled


You were on level 5 of the Vaults.
You worshipped Cheibriados.
Cheibriados was exalted by your worship.
You were not hungry.

You visited 8 branches of the dungeon, and saw 44 of its levels.
You also visited: Trove, Ossuary and Ice Cave.

You collected 7552 gold pieces.
You spent 3629 gold pieces at shops.

Inventory:

Hand weapons
 f - the +7 halberd "Rak Qabb" (weapon) {freeze, MR+}
   (You found it on level 13 of the Dungeon)

   It has been specially enchanted to freeze those struck by it, causing extra
   injury to most foes and up to half again as much damage against particularly
   susceptible opponents.
   It can also slow down cold-blooded creatures.
   It affects your resistance to hostile enchantments.
 y - the +11 mace "Wuoqaot" {crush, rN+ Int+5 SInv}
   (You found it on level 4 of the Dungeon)

   It inflicts extra damage upon your enemies.
   It affects your intelligence (+5).
   It protects you from negative energy.
   It enhances your eyesight.
Armour
 u - the +2 hat of the Meadowlark (worn) {rC+ Dex+3}
   (You found it on level 3 of the Vaults)

   It affects your dexterity (+3).
   It protects you from cold.
 C - the +0 pair of gloves "Isynerefil" (worn) {rPois rF+ Regen+}
   (You found it in a treasure trove)

   It protects you from fire.
   It protects you from poison.
   It increases your rate of regeneration.
 G - a +1 pair of boots of flying (worn)
 U - a +1 cloak of poison resistance (worn)
Magical staves
 c - an uncursed staff of fire
 S - an uncursed staff of wizardry
 V - an uncursed staff of cold
Jewellery
 a - an uncursed ring of teleportation
 h - an uncursed amulet of rage {unknown}
 i - a +4 ring of intelligence (left hand)
 m - the ring "Esaet" (right hand) {*Confuse rN+ Str+8 Int+4}
   (You found it on level 4 of the Shoals)

   [ring of positive energy]

   It affects your strength (+8).
   It affects your intelligence (+4).
   It protects you from negative energy.
   It may confuse you when you take damage.
 r - an uncursed ring of wizardry
 A - an uncursed ring of protection from cold
 D - the ring "Peixijur" {-Tele MP+9 Str+3 Dex+6}
   (You found it on level 4 of the Shoals)

   [ring of magical power]

   It affects your strength (+3).
   It affects your dexterity (+6).
   It affects your magic capacity (+9).
   It prevents most forms of teleportation.
 H - an amulet of clarity (around neck)
 J - the brooch of Shielding {Ward rN+ AC+4 EV+4}
   (You found it in a treasure trove)

   [amulet of warding]

   It may prevent the melee attacks of summoned creatures.
   It affects your AC (+4).
   It affects your evasion (+4).
   It protects you from negative energy.
 R - an uncursed ring of see invisible
 T - an uncursed ring of ice
 X - an uncursed ring of wizardry
Magical devices
 l - a wand of digging (14)
 w - a wand of digging (7)
 E - a wand of cold (12)
 L - a wand of teleportation (5)
 M - a wand of teleportation (2)
Scrolls
 j - 5 scrolls of blinking
 k - 3 scrolls of recharging
 n - 3 scrolls of fog
 t - 9 scrolls of identify
 v - 5 scrolls of fear
 z - 19 scrolls of remove curse
 F - 13 scrolls of magic mapping
 O - 2 scrolls of enchant weapon
 P - 3 scrolls of enchant armour
 W - 2 scrolls of immolation
Potions
 d - 5 potions of might
 e - 5 potions of flight
 g - 4 potions of agility
 o - 11 potions of curing
 p - a potion of cancellation
 q - 8 potions of brilliance
 s - 4 potions of magic
 I - 10 potions of heal wounds
 Q - a potion of resistance
 Y - 2 potions of invisibility
Comestibles
 b - 19 bread rations
 K - a meat ration


   Skills:
 - Level 14.1 Fighting
 - Level 7.0 Maces & Flails
 + Level 14.8 Polearms
 - Level 11.0 Dodging
 - Level 1.7 Stealth
 - Level 14.9 Spellcasting
 - Level 12.8 Conjurations
 + Level 12.9 Translocations
 - Level 10.0 Ice Magic
 - Level 20.0 Air Magic
 - Level 10.3 Invocations


You had 2 spell levels left.
You knew the following spells:

 Your Spells              Type           Power        Failure   Level  Hunger
a - Freeze                Ice            ####         0%          1    None
b - Ozocubu's Armour      Chrm/Ice       ######..     1%          3    None
c - Summon Ice Beast      Ice/Summ       ######..     1%          4    None
d - Condensation Shield   Ice            #######...   1%          4    None
e - Throw Icicle          Conj/Ice       ########     1%          4    None
f - Tornado               Air            ########..   12%         9    #####..
g - Deflect Missiles      Chrm/Air       #######...   1%          6    None
h - Poisonous Cloud       Conj/Pois/Air  #######...   1%          6    None
i - Flight                Chrm/Air       #######...   1%          3    None
j - Blink                 Tloc           N/A          0%          2    None
k - Freezing Cloud        Conj/Ice/Air   ########..   1%          6    None


Dungeon Overview and Level Annotations

Branches:
Dungeon (15/15)            Temple (1/1) D:6            Lair (8/8) D:8
 Shoals (4/4) Lair:6        Snake (4/4) Lair:5        Slime (0/6) Lair:8
    Orc (4/4) D:10            Elf (3/3) Orc:4        Vaults (5/5) D:14
  Crypt (0/3) Vaults:3
 Depths: D:15

Altars:
Ashenzari
Cheibriados
Dithmenos
Elyvilon
Fedhas
Gozag
Kikubaaqudgha
Makhleb
Nemelex Xobeh
Okawaru
Qazlal
Ru
Sif Muna
Trog
Vehumet
Xom
Yredelemnul
Zin
The Shining One
Beogh
Jiyva

Shops:
D:4 *   D:5 !=   D:6 *   D:8 [   D:13 [:}*?   Orc:3 ?   Orc:4 ?[!   Elf:1 *
Shoals:4 *   Snake:3 (*?*[   Vaults:1 %   Vaults:3 ?

Portals:
Pandemonium: Orc:4

Annotations:
D:15 22 runed doors, exclusion: door
Shoals:1 1 runed door
Snake:1 Rupert
Elf:2 3 runed doors
Vaults:4 Mennas


Innate Abilities, Weirdness & Mutations

You can breathe blasts of scalding, opaque steam.
Your pale cyan-grey scales are hard (AC +11).
Your body does not fit into most forms of armour.
You are cold-blooded and may be slowed by cold attacks.
You tend to lose your temper in combat.
Scrolls take you a little longer to read.
Your mind is very acute. (Int +4)
Your flesh is cold resistant.
Your body sometimes deteriorates upon taking damage.
Your flesh is heat resistant.
You are resistant to hostile enchantments.
You are somewhat resistant to further mutation.
Your natural rate of healing is unusually fast.


Message History

You hear a shout! x2
Your surroundings suddenly seem different.
A deep elf annihilator comes into view. It is wielding a rapier.
The deep elf annihilator mumbles some strange words.
The deep elf annihilator blinks!
Found a scroll of amnesia.
A titan comes into view.
Unknown command.
Unknown command.
Unknown command.
Read which item? (? for menu, Esc to quit)
Okay, then.
There are monsters nearby!
Evoke which item? (* to show all) (? for menu, Esc to quit)
Zapping:
M - a wand of teleportation (3)
Press: ? - help, Shift-Dir - straight line, f - you You feel strangely unstable.
This wand has 2 charges left.
The titan shouts!
The yaktaur captain shouts!
You hear a shout!
The titan hits you!!!
You die...

########.[[[C).e#####
.# #...%%p....).
#.#..(#%%.e#L.X..
..#.##%.O.#.Q....
#.### #%..e#$.e%..
##. #..p%#..Q... #..
#9## #@# #C..# ..#X##
#.###. ## ? .# #c .


You could see a tentacled monstrosity, a titan, a yaktaur captain and a war
gargoyle.

Vanquished Creatures
  Boris (Vaults:2)
  Frederick (Vaults:2)
  Margery (Vaults:4)
  Norris (D:14)
  Nikola (Snake:2)
  An acid blob (Lair:8)
  3 deep elf blademasters (Elf:3)
  A deep elf master archer (Elf:3)
  5 ettins
  3 greater nagas
  2 tengu reavers
  Ilsuiw (Shoals:4)
  2 fire giants (Vaults:3)
  Donald (D:14)
  Maud (Lair:7)
  7 deep elf sorcerers (Elf:3)
  Aizul (Elf:3)
  11 vault wardens
  8 ironheart preservers
  10 stone giants
  Nessos (D:15)
  9 deep elf annihilators
  Azrael (Elf:1)
  12 deep elf demonologists
  2 merfolk javelineers (Shoals:4)
  9 deep elf death magi
  3 merfolk impalers
  A fire dragon (Vaults:2)
  A minotaur (shapeshifter) (Vaults:4)
  3 great orbs of eyes
  3 deep elf high priests (Elf:3)
  10 yaktaur captains
  32 vault guards
  7 ogre magi
  8 hydras
  An ice dragon (shapeshifter) (Vaults:2)
  13 naga warriors
  A rakshasa (Vaults:2)
  2 ice dragons
  3 catoblepae (Lair:8)
  3 salamander stormcallers
  3 merfolk avatars (Shoals:4)
  13 death yaks
  Erica (Lair:2)
  6 centaur warriors
  10 dancing weapons
  4 merfolk aquamancers (Shoals:4)
  4 anacondas
  A satyr (Shoals:4)
  A small abomination (Elf:3)
  6 naga sharpshooters
  2 orc high priests (Orc:4)
  3 shock serpents
  2 sun demons (Elf:3)
  A fire crab (shapeshifter) (Elf:1)
  2 fire crabs
  A flayed ghost (Vaults:3)
  4 salamander mystics
  3 shadow wraiths
  A storm dragon skeleton (Vaults:2)
  23 deep elf knights
  4 hell knights
  14 sea snakes
  12 hill giants
  A gelid demonspawn (Orc:4)
  2 deep trolls
  3 naga ritualists
  An ice statue (IceCv)
  2 putrid demonspawn (Orc:4)
  5 necromancers
  11 deep elf summoners
  2 giant orange brains
  6 unseen horrors
  16 deep elf conjurers
  4 mana vipers
  18 ironbrand convokers
  A shadow demon (Elf:3)
  6 wizards
  17 orc knights
  11 griffons
  3 hornets
  12 orc sorcerers
  A frost giant zombie (Vaults:2)
  21 harpies
  A tengu skeleton (Vaults:2)
  6 large abominations
  4 oklob plants
  The ghost of Protee the Transmogrifier, an experienced DsTm of Ru (D:6)
  10 salamanders
  29 ugly things
  A faun (shapeshifter) (Vaults:2)
  10 fauns
  A rust devil (Elf:3)
  3 centaur zombies
  3 wolf spiders
  3 water nymphs
  8 sirens
  7 manticores
  33 black mambas
  16 spiny frogs
  A guardian serpent (shapeshifter) (Vaults:1)
  2 sixfirhies
  18 naga magi
  11 cyclopes
  A black mamba (shapeshifter) (Vaults:1)
  4 gargoyles
  An elephant (Lair:3)
  18 vault sentinels
  3 guardian serpents (Snake:4)
  A spiny frog (shapeshifter) (Vaults:4)
  12 komodo dragons
  A demonic crawler (Elf:2)
  A hellwing (Orc:4)
  5 trolls
  2 kobold demonologists (Vaults:2)
  26 yaktaurs
  14 deep elf priests
  2 polar bears
  A tengu conjurer (Vaults:3)
  A queen bee (D:9)
  11 freezing wraiths
  14 merfolk
  A wandering mushroom (Lair:8)
  A raven (shapeshifter) (Elf:3)
  3 fire drakes
  2 blue devils (Elf:3)
  A human simulacrum (Vaults:1)
  A jumping spider (Elf:2)
  A fire giant simulacrum (Vaults:1)
  A harpy skeleton (D:15)
  A raiju (shapeshifter) (Elf:1)
  26 slime creatures
  A stone giant simulacrum (Vaults:3)
  17 blink frogs
  7 snapping turtles
  2 hornet zombies
  3 two-headed ogres
  7 wyverns
  2 boulder beetles
  3 trapdoor spiders
  A trapdoor spider (shapeshifter) (Vaults:3)
  7 water elementals
  2 ynoxinuls (Elf:3)
  15 redbacks
  A blink frog (shapeshifter) (Vaults:3)
  31 deep elf fighters
  5 tarantellas (Elf:2)
  2 shadows
  18 hippogriffs
  An ettin skeleton (Vaults:2)
  2 wraiths
  10 basilisks
  37 deep elf magi
  25 yaks
  2 fire elementals (Elf:1)
  47 nagas
  3 neqoxecs
  14 humans (D:14)
  5 wargs
  A yaktaur simulacrum (Vaults:2)
  20 water moccasins
  25 vampire mosquitoes
  A mottled dragon (D:8)
  A chaos spawn (Elf:3)
  2 steam dragons
  12 wolves
  5 hungry ghosts
  3 soldier ants (Lair:4)
  4 hell hounds (Elf:1)
  A spider (shapeshifter) (Vaults:2)
  11 porcupines
  2 spiders (D:14)
  2 black bears
  12 ice beasts
  6 wasps
  33 ogres
  43 orc warriors
  2 eyes of draining
  5 sky beasts
  4 phantoms
  An alligator simulacrum (IceCv)
  5 boggarts (Vaults:3)
  18 centaurs
  13 crocodiles
  19 giant frogs
  5 big kobolds
  A wyvern zombie (D:10)
  3 wyvern skeletons
  4 scorpions
  44 killer bees
  9 wights
  3 electric eels (Lair:8)
  A draconian simulacrum (IceCv)
  8 crimson imps
  4 giant frog zombies
  4 giant frog skeletons
  2 human zombies
  6 jellies
  A quasit (D:10)
  35 orc wizards
  6 centaur skeletons
  8 hounds
  29 orc priests
  9 iguanas
  6 hell rats
  5 troll simulacra (IceCv)
  29 worker ants
  2 wolf simulacra (IceCv)
  3 centaur simulacra (IceCv)
  A polar bear simulacrum (IceCv)
  24 sheep
  3 hound skeletons
  5 adders
  6 gnolls
  28 river rats
  3 naga simulacra (IceCv)
  2 ogre simulacra (IceCv)
  2 shadow imps
  22 white imps
  2 oozes (D:4)
  2 adder zombies (Ossuary)
  5 worms
  147 orcs
  2 ball pythons (D:3)
  14 bats
  A bat zombie (D:7)
  3 giant cockroaches
  25 goblins
  18 hobgoblins
  29 kobolds
  4 quokkas
  5 giant geckos
  A giant gecko skeleton (D:5)
  4 giant newts
  A giant spore (D:8)
  2 goblin zombies (Ossuary)
  11 hobgoblin zombies (Ossuary)
  3 jackals (D:7)
  4 jackal zombies (Ossuary)
  8 kobold zombies (Ossuary)
  7 orc zombies (Ossuary)
  13 rats
  2 ballistomycetes (D:8)
  A butterfly (Lair:7)
  A fungus (Elf:3)
  A plant (Lair:6)
1935 creatures vanquished.

Vanquished Creatures (collateral kills)
  Frances (Shoals:1)
  2 greater nagas
  A deep elf sorcerer (Elf:3)
  An ironheart preserver (Vaults:1)
  A deep elf annihilator (Vaults:4)
  2 merfolk javelineers (Shoals:3)
  2 merfolk impalers
  4 naga warriors
  2 catoblepae (Lair:8)
  A centaur warrior (D:13)
  5 hydras
  An anaconda (Snake:4)
  A merfolk aquamancer (Shoals:4)
  7 death yaks
  A queen ant (Lair:4)
  4 naga sharpshooters
  Nergalle (Orc:3)
  A deep elf knight (Elf:2)
  5 sea snakes
  5 naga ritualists
  A giant orange brain (Vaults:1)
  9 harpies
  3 hill giants (D:14)
  A wolf spider (D:14)
  10 ugly things
  2 salamanders (Snake:4)
  An orc sorcerer (Orc:4)
  2 orc knights (Orc:4)
  4 mana vipers
  2 griffons
  2 water nymphs (Shoals:1)
  8 black mambas
  A siren (Shoals:4)
  2 elephants (Lair:3)
  2 spiny frogs
  3 naga magi
  A sixfirhy (Elf:3)
  4 komodo dragons
  A yaktaur (Vaults:1)
  A troll (D:6)
  A freezing wraith (IceCv)
  5 merfolk
  2 slime creatures
  4 snapping turtles
  5 blink frogs
  A water elemental (Shoals:2)
  2 wyverns
  A trapdoor spider (D:14)
  12 yaks
  A basilisk (Lair:4)
  11 nagas
  5 hippogriffs (Lair:6)
  3 soldier ants (Lair:4)
  A human (D:14)
  5 water moccasins
  A wolf (Lair:1)
  A hell hound (Lair:6)
  A porcupine (Lair:7)
  6 orc warriors
  3 crocodiles
  2 centaurs (Lair:6)
  A big kobold (D:11)
  4 giant frogs
  A scorpion (D:13)
  9 killer bees
  A crimson imp (D:6)
  5 orc wizards
  3 orc priests
  3 hounds
  An iguana (D:13)
  11 worker ants (Lair:4)
  9 sheep
  5 gnolls
  2 white imps (D:15)
  9 orcs
  A quokka (D:7)
  A giant gecko (D:6)
  3 kobolds (D:11)
  2 plants
252 creatures vanquished.

Vanquished Creatures (others)
  A lich (Vaults:3)
  A necromancer (IceCv)
  91 ice beasts
  A yak (Lair:8)
  A vampire mosquito (Vaults:2)
  A deep elf fighter (Elf:2)
  A human skeleton (Vaults:2)
  A giant frog (D:15)
  A scorpion (Snake:4)
  A killer bee (Snake:4)
  A draconian simulacrum (IceCv)
  2 troll simulacra (IceCv)
  A spriggan simulacrum (IceCv)
  A naga simulacrum (IceCv)
  An ogre simulacrum (IceCv)
  15 fungi
  8 plants
  9 tentacles (Shoals:1)
  940 tentacle segments (Shoals:1)
1078 creatures vanquished.

Grand Total: 3265 creatures vanquished

Notes
Turn   | Place    | Note
--------------------------------------------------------------
     0 | D:1      | oplop the Draconian Ice Elementalist began the quest for the Orb.
     0 | D:1      | Reached XP level 1. HP: 14/14 MP: 3/3
   318 | D:1      | Reached XP level 2. HP: 22/22 MP: 1/5
   510 | D:2      | Reached skill level 1 in Fighting
   572 | D:2      | Reached XP level 3. HP: 4/28 MP: 0/7
   873 | D:2      | Learned a level 3 spell: Ozocubu's Armour
  1146 | D:2      | Reached XP level 4. HP: 19/36 MP: 0/8
  1906 | D:3      | You fall through a shaft for 3 floors!
  1951 | D:5      | Entered Level 5 of the Dungeon
  2041 | D:5      | Found a sacrificial altar of Ru.
  2043 | D:5      | Found an iron altar of Okawaru.
  2080 | D:5      | Reached skill level 4 in Ice Magic
  2080 | D:5      | Reached XP level 5. HP: 30/42 MP: 8/10
  2081 | D:5      | Noticed a giant frog
  2093 | D:5      | Killed a giant frog
  2101 | D:5      | Found Hatiateyrph's Jewellery Boutique.
  2119 | D:5      | Found a sand-covered staircase.
  2128 | Ossuary  | Entered an ossuary
  2284 | Ossuary  | Learned a level 4 spell: Condensation Shield
  2375 | Ossuary  | Reached XP level 6. HP: 30/51 MP: 3/11
  2389 | Ossuary  | HP: 2/51 [mummy (14)]
  2652 | D:5      | Noticed a phantom
  2813 | D:5      | Noticed a centaur
  2828 | D:5      | Killed a centaur
  2869 | D:5      | Noticed a water moccasin
  2877 | D:4      | Found a blossoming altar of Fedhas.
  3022 | D:4      | Found a glowing golden altar of the Shining One.
  3026 | D:4      | Found a glowing silver altar of Zin.
  3026 | D:4      | Found an ancient bone altar of Kikubaaqudgha.
  3288 | D:4      | Found Ohoh's General Store.
  3335 | D:4      | Found a white marble altar of Elyvilon.
  3469 | D:4      | Bought a scroll of fear for 42 gold pieces
  3585 | D:4      | Reached skill level 5 in Ice Magic
  3606 | D:4      | Got a transparent mace
  3624 | D:4      | Identified the +11 mace "Wuoqaot" {crush, rN+ Int+5 SInv} (You found it on level 4 of the Dungeon)
  3685 | D:4      | Your scales start taking on a pale cyan-grey colour.
  3685 | D:4      | Reached XP level 7. HP: 39/60 MP: 13/13
  3998 | D:5      | Found a burning altar of Makhleb.
  4025 | D:5      | Found Iliram's Distillery.
  4028 | D:5      | Bought a potion of curing for 36 gold pieces
  4028 | D:5      | Bought a potion of curing for 36 gold pieces
  4028 | D:5      | Bought a potion of curing for 36 gold pieces
  4028 | D:5      | Bought a potion of heal wounds for 60 gold pieces
  4028 | D:5      | Bought a potion of mutation for 30 gold pieces
  4028 | D:5      | Gained mutation: You have large cloven feet. [potion of mutation]
  4028 | D:5      | Gained mutation: You tend to lose your temper in combat. [potion of mutation]
  4042 | D:5      | Noticed an ogre
  4051 | D:5      | Killed an ogre
  4214 | D:5      | Reached skill level 5 in Fighting
  4271 | D:5      | Reached skill level 5 in Spellcasting
  4345 | D:5      | Killed a water moccasin
  4345 | D:5      | Reached skill level 6 in Ice Magic
  4354 | D:5      | Reached XP level 8. HP: 30/70 MP: 8/16
  4384 | D:5      | Learned a level 4 spell: Summon Ice Beast
  4427 | D:6      | Noticed a sky beast
  4429 | D:6      | Noticed Protee's ghost (experienced DsTm)
  4436 | D:5      | Killed a sky beast
  4440 | D:5      | Gained mutation: Your natural rate of healing is unusually fast. [mutagenic meat]
  4442 | D:5      | Gained mutation: Your mind is acute. (Int +2) [mutagenic meat]
  4443 | D:5      | Gained mutation: You often lose your temper in combat. [mutagenic meat]
  4550 | D:5      | Killed a phantom
  4581 | D:6      | Noticed a wyvern
  4583 | D:6      | Noticed a giant frog
  4592 | D:6      | Killed a wyvern
  4592 | D:6      | Killed a giant frog
  4600 | D:6      | Noticed a yak
  4604 | D:6      | Killed a yak
  4610 | D:6      | Reached skill level 7 in Ice Magic
  4735 | D:6      | Found Atits's Assorted Antiques.
  4743 | D:6      | Bought a scroll of teleportation for 84 gold pieces
  4743 | D:6      | Bought a scroll labeled BELEMN RYMUENI for 28 gold pieces
  4954 | D:6      | Killed Protee's ghost
  4954 | D:6      | Reached XP level 9. HP: 46/79 MP: 4/18
  5050 | D:6      | Noticed a troll
  5051 | D:6      | Found a staircase to the Ecumenical Temple.
  5057 | D:6      | Killed a troll
  5062 | Temple   | Entered the Ecumenical Temple
  5155 | Temple   | Became a worshipper of Cheibriados the Contemplative
  5329 | D:7      | Reached skill level 1 in Invocations
  5551 | D:7      | Found a deep blue altar of Sif Muna.
  5570 | D:7      | Reached skill level 1 in Maces & Flails
  5624 | D:7      | Found a sacrificial altar of Ru.
  5672 | D:7      | HP: 2/79 [orc wizard/puff of frost (10)]
  5768 | D:7      | Learned a level 4 spell: Throw Icicle
  5804 | D:7      | Found a deep blue altar of Sif Muna.
  5890 | D:7      | Acquired Cheibriados's first power
  6304 | D:7      | Gained mutation: Your spells are a little harder to cast, but a little more powerful. [potion of mutation]
  6304 | D:7      | Gained mutation: Your mind is very acute. (Int +4) [potion of mutation]
  6304 | D:7      | Lost mutation: Your spells are a little harder to cast, but a little more powerful. [potion of mutation]
  6360 | D:7      | Reached skill level 8 in Ice Magic
  6567 | D:8      | Noticed a komodo dragon
  6575 | D:8      | Killed a komodo dragon
  6788 | D:8      | Reached skill level 5 in Invocations
  7006 | D:8      | Reached XP level 10. HP: 68/86 MP: 10/21
  7287 | D:8      | Found Afemumeo's Antique Armour Shop.
  7303 | D:8      | Bought a pair of gloves for 85 gold pieces
  7336 | D:8      | Acquired Cheibriados's second power
  7450 | D:8      | Found a staircase to the Lair.
  7744 | D:9      | Acquired Cheibriados's third power
  8624 | D:9      | Acquired Cheibriados's fourth power
  8624 | D:9      | Reached skill level 5 in Maces & Flails
  8784 | Lair:1   | Entered Level 1 of the Lair of Beasts
  8855 | Lair:1   | Noticed an eight-headed hydra
  8865 | Lair:1   | Killed an eight-headed hydra
  8865 | Lair:1   | Reached skill level 9 in Ice Magic
  9059 | Lair:1   | Reached XP level 11. HP: 92/92 MP: 17/23
  9761 | Lair:2   | Noticed an eight-headed hydra
  9771 | Lair:2   | Killed an eight-headed hydra
  9791 | Lair:2   | Noticed Erica
  9799 | Lair:2   | Killed Erica
 10245 | Lair:3   | Noticed an eight-headed hydra
 10307 | Lair:3   | Killed an eight-headed hydra
 10462 | Lair:3   | Reached skill level 10 in Invocations
 10656 | Lair:3   | Reached skill level 10 in Ice Magic
 11000 | Lair:3   | Learned a level 9 spell: Tornado
 11113 | Lair:4   | Reached skill level 1 in Air Magic
 11114 | Lair:4   | Noticed an eight-headed hydra
 11464 | Lair:4   | Noticed a queen ant
 11465 | Lair:4   | Reached XP level 12. HP: 79/100 MP: 9/24
 11476 | Lair:4   | Killed a queen ant
 11716 | Lair:4   | Noticed a four-headed hydra
 11722 | Lair:4   | Killed a four-headed hydra
 11888 | Lair:4   | Killed an eight-headed hydra
 12254 | Lair:4   | Noticed a four-headed hydra
 12262 | Lair:4   | Killed a four-headed hydra
 12328 | Lair:4   | Reached skill level 5 in Air Magic
 12447 | Lair:4   | Reached skill level 5 in Dodging
 13222 | Lair:5   | Found a staircase to the Snake Pit.
 13942 | Lair:7   | Reached XP level 13. HP: 94/105 MP: 17/26
 13974 | Lair:7   | Noticed a seven-headed hydra
 13982 | Lair:7   | Killed a seven-headed hydra
 13982 | Lair:7   | Reached skill level 10 in Spellcasting
 14657 | Lair:7   | Noticed Maud
 14669 | Lair:7   | Killed Maud
 14798 | Lair:8   | Entered Level 8 of the Lair of Beasts
 15026 | Lair:6   | Found a staircase to the Shoals.
 15640 | D:10     | Entered Level 10 of the Dungeon
 15973 | D:10     | Found a staircase to the Orcish Mines.
 15984 | D:10     | Found a roughly hewn altar of Beogh.
 16667 | D:11     | Reached skill level 11 in Spellcasting
 16847 | D:11     | Gained mutation: Your flesh is heat resistant. [mutagenic meat]
 16850 | D:11     | Gained mutation: Your body sometimes deteriorates upon taking damage. [mutagenic meat]
 17511 | D:12     | Gained mutation: Your flesh is cold resistant. [mutagenic meat]
 17839 | D:13     | Found Nywk's Gadget Emporium.
 17904 | D:13     | Reached XP level 14. HP: 68/113 MP: 16/29
 17976 | D:13     | Reached skill level 10 in Air Magic
 17989 | D:13     | Got a translucent halberd
 17990 | D:13     | Identified the +7 halberd "Rak Qabb" {freeze, MR+} (You found it on level 13 of the Dungeon)
 18020 | D:13     | Lost mutation: You have large cloven feet. [mutagenic meat]
 18042 | D:13     | Found Vukhiheh's Antique Armour Shoppe.
 18375 | D:13     | Found Kioxabiz's Magic Scroll Shoppe.
 18420 | D:13     | Found Poqu's Assorted Antiques.
 18421 | D:13     | Found Nonkeh's Book Emporium.
 18435 | D:13     | Bought a scroll labeled WUSAIT YLIHI for 24 gold pieces
 19615 | Lair:8   | Gained mutation: Scrolls take you a little longer to read. [potion of mutation]
 19616 | Lair:8   | Gained mutation: Your muscles are strong. (Str +2) [potion of mutation]
 19616 | Lair:8   | Gained mutation: You are somewhat resistant to further mutation. [potion of mutation]
 19674 | Lair:8   | Reached skill level 12 in Spellcasting
 19946 | Lair:8   | Found a viscous altar of Jiyva.
 19946 | Lair:8   | Found a staircase to the Slime Pits.
 20145 | Lair:8   | Reached skill level 10 in Dodging
 20897 | Lair:8   | Noticed an acid blob
 20901 | Lair:8   | Killed an acid blob
 21533 | Lair:8   | Reached XP level 15. HP: 63/118 MP: 9/31
 22199 | D:14     | Found a gate to the Vaults.
 22199 | D:14     | Noticed Norris
 22199 | D:14     | Noticed Donald
 22272 | D:14     | Killed Donald
 22748 | D:13     | Reached skill level 13 in Spellcasting
 22755 | D:13     | Gained mutation: You are resistant to hostile enchantments. [mutagenic meat]
 22929 | D:13     | Bought a book of the Sky for 910 gold pieces
 22936 | D:13     | Learned a level 6 spell: Deflect Missiles
 22941 | D:13     | Learned a level 4 spell: Airstrike
 22945 | D:13     | Learned a level 3 spell: Flight
 23299 | Lair:6   | Noticed a four-headed hydra
 23306 | Lair:6   | Killed a five-headed hydra
 23306 | Lair:6   | Reached skill level 1 in Polearms
 23336 | Shoals:1 | Entered Level 1 of the Shoals
 23350 | Shoals:1 | Noticed Frances
 23558 | Shoals:1 | Killed Frances
 23806 | Shoals:1 | Found a runed door.
 24056 | Shoals:1 | Noticed a kraken
 25161 | D:14     | Reached skill level 5 in Polearms
 25608 | D:14     | Killed Norris
 25627 | D:15     | Entered Level 15 of the Dungeon
 25630 | D:15     | Noticed Nessos
 25633 | D:15     | Killed Nessos
 25721 | D:15     | Found a frozen archway.
 25789 | IceCv    | Entered an ice cave
 26352 | IceCv    | Reached XP level 16. HP: 121/128 MP: 13/33
 26639 | IceCv    | Found an ancient bone altar of Kikubaaqudgha.
 26842 | D:15     | Found a huge runed gate.
 26842 | D:15     | Found a huge runed gate.
 26842 | D:15     | Found a huge runed gate.
 26842 | D:15     | Found a huge runed gate.
 26842 | D:15     | Found a huge runed gate.
 26851 | D:15     | Found a huge runed gate.
 26852 | D:15     | Found a huge runed gate.
 26857 | D:15     | Found a huge runed gate.
 27016 | D:15     | Reached skill level 14 in Spellcasting
 27207 | D:15     | Found a huge runed gate.
 27207 | D:15     | Found a huge runed gate.
 27210 | D:15     | Found a huge runed gate.
 27210 | D:15     | Found a huge runed gate.
 27218 | D:15     | Found a huge runed gate.
 27221 | D:15     | Found a huge runed gate.
 27224 | D:15     | Found a huge runed gate.
 27225 | D:15     | Found a huge runed gate.
 27228 | D:15     | Found a bloodstained altar of Trog.
 27363 | D:15     | Found a huge runed gate.
 27363 | D:15     | Found a huge runed gate.
 27363 | D:15     | Found a huge runed gate.
 27363 | D:15     | Found a huge runed gate.
 27368 | D:15     | Found a huge runed gate.
 27368 | D:15     | Found a huge runed gate.
 27606 | Orc:1    | Entered Level 1 of the Orcish Mines
 28015 | Orc:3    | Noticed Nergalle
 28022 | Orc:3    | Killed Nergalle
 28050 | Orc:3    | Found Otepeoph's Magic Scroll Emporium.
 28077 | Orc:3    | Bought 3 scrolls of identify for 72 gold pieces
 28077 | Orc:3    | Bought a scroll of teleportation for 36 gold pieces
 28077 | Orc:3    | Bought a scroll of identify for 24 gold pieces
 28077 | Orc:3    | Bought a scroll of teleportation for 36 gold pieces
 28411 | Orc:4    | Entered Level 4 of the Orcish Mines
 28632 | Orc:4    | Found Qiodoa's Distillery.
 28913 | Orc:4    | Found Munlomub's Magic Scroll Emporium.
 29083 | Orc:4    | Found a roughly hewn altar of Beogh.
 29182 | Orc:4    | Found a staircase to the Elven Halls.
 29582 | Orc:4    | Reached skill level 5 in Conjurations
 29811 | Orc:4    | Found Kaij's Book Boutique.
 29811 | Orc:4    | Found Letzavos's Antique Armour Shop.
 29811 | Orc:4    | Found a one-way gate leading to the halls of Pandemonium.
 29816 | Orc:4    | Bought an embroidered cloak for 126 gold pieces
 29890 | Orc:4    | Bought a potion of beneficial mutation for 455 gold pieces
 29890 | Orc:4    | Gained mutation: Your tail ends in a poisonous barb. [potion of beneficial mutation]
 29893 | Orc:4    | Bought a scroll of acquirement for 520 gold pieces
 29961 | Orc:4    | Identified a +1 rod of the swarm (10/10) (You took it off a hill giant on level 14 of the Dungeon)
 31045 | Shoals:2 | Identified Vehumet's Catalogue of Flamy Arcane Weapons
 32319 | Shoals:4 | Entered Level 4 of the Shoals
 32490 | Shoals:3 | Reached skill level 15 in Air Magic
 32611 | Shoals:4 | Got a barnacled rune of Zot
 33019 | Elf:1    | Entered Level 1 of the Elven Halls
 33228 | Lair:1   | Learned a level 6 spell: Poisonous Cloud
 33343 | Snake:1  | Entered Level 1 of the Snake Pit
 33549 | Snake:1  | Reached skill level 10 in Fighting
 33587 | Snake:1  | Noticed Rupert
 34035 | Snake:2  | Noticed Nikola
 34043 | Snake:2  | Killed Nikola
 34279 | Snake:2  | Reached XP level 17. HP: 129/140 MP: 15/35
 35270 | Snake:3  | Found Cudy's Antique Weapon Emporium.
 35369 | Snake:3  | Found Jisujako's Magic Scroll Emporium.
 35381 | Snake:3  | Learned a level 2 spell: Blink
 35621 | Snake:3  | Found Duruacw's Assorted Antiques.
 35622 | Snake:3  | Found Hutochocia's Antique Armour Emporium.
 35632 | Snake:3  | Bought a hardcover book for 405 gold pieces
 35715 | Snake:3  | Found Pamm's Assorted Antiques.
 35776 | Snake:3  | Bought a warped cloak for 380 gold pieces
 35786 | Snake:3  | Identified the +0 cloak of a labyrinth {MR+ Str+3} (You bought it in a shop on level 3 of the Snake Pit)
 36117 | Snake:4  | Entered Level 4 of the Snake Pit
 36472 | Snake:4  | Reached skill level 16 in Air Magic
 38283 | Snake:4  | Reached skill level 10 in Conjurations
 38402 | Snake:4  | Reached skill level 10 in Polearms
 39387 | Snake:4  | Got a serpentine rune of Zot
 39708 | Snake:3  | Reached XP level 18. HP: 124/147 MP: 15/36
 39804 | Lair:5   | Reached skill level 17 in Air Magic
 40235 | Elf:1    | Found Zena's General Store.
 40375 | Elf:1    | Identified Borgnjor's Reference Book on Black Arts
 41135 | Elf:1    | Noticed Azrael
 41144 | Elf:1    | Killed Azrael
 41228 | Elf:2    | Reached skill level 18 in Air Magic
 41671 | Elf:2    | Found a portal to a secret trove of treasure.
 41814 | Elf:2    | Found a runed gate.
 41814 | Elf:2    | Found a runed gate.
 41815 | Elf:2    | Found a runed gate.
 41890 | Elf:2    | Reached skill level 19 in Air Magic
 42692 | Elf:2    | You paid a toll of a +4 demon whip to enter a treasure trove
 42693 | Trove    | Entered a treasure trove
 42708 | Trove    | Got a pair of jewelled gloves
 42719 | Trove    | Identified the +0 pair of gloves "Isynerefil" {rPois rF+ Regen+} (You found it in a treasure trove)
 43210 | Vaults:1 | Entered Level 1 of the Vaults
 44093 | Vaults:1 | Found Ifrojy's Food Emporium.
 44359 | Vaults:1 | Reached XP level 19. HP: 148/156 MP: 37/37
 45108 | Vaults:2 | Noticed Frederick
 45118 | Vaults:2 | Killed Frederick
 45207 | Vaults:2 | Noticed Boris
 45216 | Vaults:2 | Killed Boris
 45260 | Vaults:2 | Lost mutation: Your muscles are strong. (Str +2) [potion of cure mutation]
 45260 | Vaults:2 | Lost mutation: You often lose your temper in combat. [potion of cure mutation]
 45260 | Vaults:2 | Lost mutation: Scrolls take you a little longer to read. [potion of cure mutation]
 45260 | Vaults:2 | Lost mutation: Your tail ends in a poisonous barb. [potion of cure mutation]
 45556 | Vaults:2 | Reached skill level 20 in Air Magic
 45774 | Vaults:2 | Reached skill level 1 in Translocations
 46242 | Vaults:3 | Found a snail-covered altar of Cheibriados.
 46403 | Vaults:3 | Found Taapt's Magic Scroll Emporium.
 46415 | Vaults:3 | Bought a scroll of teleportation for 48 gold pieces
 46415 | Vaults:3 | Bought a scroll of teleportation for 48 gold pieces
 46554 | Vaults:3 | Reached XP level 20. HP: 87/169 MP: 7/38
 46983 | Vaults:3 | Found a radiant altar of Vehumet.
 46992 | Vaults:3 | Got a dazzling hat
 47003 | Vaults:3 | Identified the +1 hat of the Commoners {Str+2} (You found it on level 3 of the Vaults)
 47010 | Vaults:3 | Got a warped hat
 47016 | Vaults:3 | Identified the +0 hat of the Pure Wonders {SInv} (You found it on level 3 of the Vaults)
 47088 | Vaults:3 | Reached skill level 5 in Translocations
 47105 | Vaults:3 | Got a fine hat
 47116 | Vaults:3 | Identified the +2 hat of the Meadowlark {rC+ Dex+3} (You found it on level 3 of the Vaults)
 47528 | Vaults:3 | Found a staircase to the Crypt.
 47528 | Vaults:3 | Found a basalt altar of Yredelemnul.
 47528 | Vaults:3 | Found an ancient bone altar of Kikubaaqudgha.
 47984 | Vaults:3 | Upgraded the game from 0.17-a0-995-gb5fa8d7 to 0.17-a0-1011-gfa70bdd
 48359 | Vaults:4 | Noticed Mennas
 48899 | Vaults:4 | Noticed Margery
 48912 | Vaults:4 | Killed Margery
 49565 | D:13     | Bought a scroll of immolation for 42 gold pieces
 50378 | Shoals:4 | Got a crude glass ring
 50380 | Shoals:4 | Identified the ring "Esaet" {*Confuse rN+ Str+8 Int+4} (You found it on level 4 of the Shoals)
 50459 | Shoals:4 | Found Decs's General Store.
 50461 | Shoals:4 | Noticed Ilsuiw
 50469 | Shoals:4 | Reached XP level 21. HP: 160/180 MP: 9/39
 50470 | Shoals:4 | Killed Ilsuiw
 50495 | Shoals:4 | Bought a scroll of immolation for 66 gold pieces
 50825 | Shoals:4 | Got a wavering golden ring
 50827 | Shoals:4 | Identified the ring "Peixijur" {-Tele MP+9 Str+3 Dex+6} (You found it on level 4 of the Shoals)
 51440 | Elf:3    | Entered Level 3 of the Elven Halls
 51711 | Elf:3    | Noticed Aizul
 51720 | Elf:3    | Killed Aizul
 51720 | Elf:3    | Reached skill level 10 in Translocations
 51726 | Elf:3    | Gained mutation: Scrolls take you a little longer to read. [a neqoxec]
 52592 | Elf:3    | Learned a level 6 spell: Freezing Cloud
 52597 | Elf:3    | Identified the Handbook of Battle Magic
 53412 | Vaults:5 | Entered Level 5 of the Vaults
 53417 | Vaults:5 | Noticed an ancient lich
 53468 | Vaults:5 | Reached XP level 22. HP: 55/189 MP: 17/40
 53488 | Vaults:5 | Mangled by a titan

Vault maps used:
D:1:      lightli_arrival_statue_moat
D:3:      first_bread, grunt_ministairs_2
D:4:      minitemple, serial_shops, nicolae_shop_trees, elyvilon_altar_4
D:5:      grunt_temple_overflow_open, basic_altar,
          nicolae_ossuary_entry_monument, portal_sewer_entry_e, serial_shops,
          shop, shop_coins
D:6:      hangedman_cross_stitches, minmay_temple_entry_butterflies,
          serial_shops, shop
D:7:      nicolae_overflow_crystal_walls, basic_altar, led_sif_book
D:8:      david_lair_shrubbed, serial_shops, shop_fountains
D:9:      david_nohive_1
D:10:     minmay_orc_entry_temple_small, eino_tiny_chamber, nrook_mini_vaults
D:11:     minmay_weird_star, grunt_decor_arrowhead
D:13:     serial_shops, shop, nicolae_shop_statue_plus, shop,
          nicolae_shop_stone, shop, minmay_misc_feat_pillars
D:14:     david_vaults_3, kennysheep_boxes, minmay_misc_feat_enclosed,
          lightli_swarmer
D:15:     grunt_enter_depths_snipers, portal_ice_cave_entry_imps, basic_altar,
          kennysheep_pointless_box, door_vault, uniq_nessos
Temple:   circular_temple_12
Lair:2:   minmay_hedge_maze, uniq_erica
Lair:4:   zaba_antful_of_joy
Lair:5:   minmay_snake_entry_guardpost_small, hangedman_lair_unloving_vines,
          roderic_lost_polar_bear
Lair:6:   minmay_shoals_entry_centaurs, special_room, disabler_island,
          serial_bayou_shore_a
Lair:7:   nicolae_quartered_pool_little, lemuel_fruit_tree, grunt_megastairs_3,
          lemuel_fruit_fields, uniq_maud
Lair:8:   evilmike_catoblepas_cave, dpeg_slime_entry_enclosed_altar,
          st_stairs_9, nicolae_quartered_pool_super, guppyfry_lair_drakes
Shoals:1: lightli_airlock, uniq_frances
Shoals:2: uniq_donald
Shoals:4: serial_shops, shop, shoals_end_simple, shoals_ilsuiw_alternative,
          hangedman_shoals_cup_caves
Snake:1:  spider_trap, uniq_rupert
Snake:2:  uniq_nikola
Snake:3:  special_room, serial_shops, nicolae_shop_overgrown_old_shop, shop,
          nicolae_shop_statue_plus, nicolae_shop_window_shopping, shop
Snake:4:  minmay_snake_end_coiled
Orc:3:    serial_shops, shop, nicolae_orc_pool_cavern, uniq_nergalle
Orc:4:    pf_orc_diabolical, mines1_david
Elf:1:    eino_elf_arrival_the_gate, serial_shops, shop, serial_corexii_hall,
          corexii_hall_statues_x, corexii_hall_statues_t, minmay_elf_necromancy,
          grunt_megastairs_1, uniq_azrael
Elf:2:    enter_trove_3, hangedman_elf_simple_split
Elf:3:    minmay_elf_hall_hex, uniq_aizul
Vaults:1: v_misc_28, hangedman_vaults_variations, v_alt_pattern_3, v_pattern_5,
          v_misc_8, hangedman_vaults_locks, nicolae_vaults_alarming,
          hangedman_vaults_restitches, serial_shops, shop_fountains
Vaults:2: nicolae_vaults_shelves_hall, nicolae_vaults_disjoint_gnomons,
          nicolae_vaults_branching_niches,
          vaults_standard_mumra_enter_the_diamond, hangedman_vaults_cutoff,
          v_misc_14, v_misc_3, nicolae_vaults_what_the_h,
          nicolae_vaults_asterisk, grunt_vaults_hallway_short,
          nicolae_vaults_sealed_display, uniq_frederick, uniq_boris
Vaults:3: minmay_crypt_entry_necro_gods, vaults_standard_mumra_lines,
          vaults_mumra_minichess, v_misc_22, grunt_tower_of_power,
          dpeg_vaults_monster_box, vaults_room_pool,
          nicolae_vaults_ninety_degrees, hangedman_vaults_capsules,
          ontoclasm_vaults_misaligned, grunt_vaults_hallway_short,
          vaults_dpeg_ring, vaults_standard_mumra_x, vaults_room_semicircle,
          nicolae_vaults_little_squares_4, serial_shops, shop_scrolls,
          basic_altar
Vaults:4: vaults_mumra_chevron_long, v_rooms_3, nicolae_vaults_theta,
          vaults_mumra_hex, vaults_dpeg_diagonal,
          nicolae_vaults_mini_display_case, v_pattern_1, hangedman_vaults_snaps,
          v_misc_27, nicolae_vaults_little_squares_6, vaults_room_pool,
          grunt_vaults_hallway_long, uniq_mennas, uniq_margery
Trove:    trove_garden
Ossuary:  ossuary_tomb_1
IceCv:    ice_cave_small_necro

Action                   |  1- 3 |  4- 6 |  7- 9 | 10-12 | 13-15 | 16-18 | 19-21 | 22-24 || total
-------------------------+-------+-------+-------+-------+-------+-------+-------+-------++-------
Melee: Unarmed           |     5 |       |       |       |    45 |       |       |       ||    50
       Whip              |    30 |   261 |       |       |       |       |       |       ||   291
       Mace              |       |     5 |   221 |   561 |   765 |    21 |     3 |       ||  1576
       Halberd           |       |       |       |       |   423 |  1687 |  1111 |       ||  3221
 Cast: Freeze            |    29 |    12 |     8 |    13 |    14 |     6 |       |       ||    82
       Ozocubu's Armour  |     1 |    14 |    15 |    38 |    67 |    82 |    46 |       ||   263
       Condensation Shie |       |     7 |    15 |    38 |    67 |    79 |    46 |       ||   252
       Summon Ice Beast  |       |       |    18 |    51 |   107 |   154 |    19 |       ||   349
       Throw Icicle      |       |       |     1 |    42 |   131 |   143 |    77 |       ||   394
       Airstrike         |       |       |       |       |    12 |       |       |       ||    12
       Deflect Missiles  |       |       |       |       |     4 |    18 |     4 |       ||    26
       Flight            |       |       |       |       |     3 |    21 |     9 |       ||    33
       Poisonous Cloud   |       |       |       |       |       |    25 |    45 |       ||    70
       Blink             |       |       |       |       |       |     6 |     5 |     1 ||    12
       Tornado           |       |       |       |       |       |     1 |    27 |       ||    28
       Freezing Cloud    |       |       |       |       |       |       |     1 |     1 ||     2
Invok: Bend Time         |       |       |     1 |     2 |     2 |       |       |       ||     5
       Slouch            |       |       |       |       |    18 |    19 |     4 |       ||    41
       Step From Time    |       |       |       |       |     7 |     1 |     6 |       ||    14
       Temporal Distorti |       |       |       |       |       |     7 |     7 |       ||    14
 Abil: Breathe Steam     |       |       |       |       |       |     2 |     1 |       ||     3
       Stop Flying       |       |       |       |       |       |       |     1 |       ||     1
Evoke: Wand              |       |       |       |     2 |     1 |       |       |     1 ||     4
       Rod               |       |       |       |       |       |     2 |       |       ||     2
  Use: Scroll            |       |     7 |     6 |     4 |    16 |    24 |    10 |     4 ||    71
       Potion            |       |     4 |     3 |     2 |     4 |     4 |     3 |     1 ||    21
 Stab: Sleeping          |     2 |     3 |     2 |     8 |     5 |    16 |     4 |       ||    40
       Distracted        |       |       |     4 |     6 |    24 |    24 |     7 |       ||    65
       Confused          |       |       |       |     2 |       |       |       |       ||     2
       Invisible         |       |       |       |       |     6 |       |       |       ||     6
       Petrifying        |       |       |       |       |       |       |     1 |       ||     1
  Eat: Chunk             |       |     8 |    18 |    15 |    23 |     7 |     9 |       ||    80
       Royal jelly       |       |     1 |       |       |     1 |     5 |       |       ||     7
       Fruit             |       |     3 |       |       |       |     2 |       |       ||     5
       Pizza             |       |       |     1 |       |     2 |       |     1 |       ||     4
       Beef jerky        |       |       |       |       |     5 |     4 |     3 |       ||    12
       Bread ration      |       |       |       |       |     1 |       |     1 |       ||     2
       Meat ration       |       |       |       |       |     1 |     3 |     3 |       ||     7
